details: 'no justice no peace'

« prev index next »

General information

Mini Map

Players

team 1
Random» Undeadh2oburyUsA (pink | 75 APM | 654 actions | 08:46)
Hero icon 1 Dreadlord
Ability icon 1 Vampiric Aura
Hero icon 2 Crypt Lord
Ability icon 1 Carrion Beetles
Ability icon 1 Impale

» actions
Assign group hotkey19
Basic commands6
Build / train29
Enter build submenu19
Enter hero's abilities submenu3
Right click189
Select / deselect170
Select group hotkey201
Use ability18
654 total
» units
Acolyte7
Ghoul9
Gargoyle6
22 total
» buildings
Altar of Darkness1
Ziggurat9
Crypt3
Graveyard1
Tomb of Relics1
Halls of the Dead1
16 total
» build order
00:17 Altar of Darkness
00:22 Ziggurat
00:47 Crypt
01:17 Ziggurat
01:48 Graveyard
02:17 Tomb of Relics
04:02 Halls of the Dead
05:32 Crypt
05:48 Crypt
06:14 Ziggurat
06:16 Ziggurat
06:22 Ziggurat
06:33 Ziggurat
07:56 Ziggurat
07:56 Ziggurat
08:42 Ziggurat
NightElfForsakenPaladin (green | 36 APM | 313 actions | 08:46)
Hero icon 3 Keeper of the Grove
Ability icon 2 Force of Nature
Ability icon 1 Entangling Roots

» actions
Assign group hotkey5
Basic commands33
Build / train31
Enter build submenu18
Enter hero's abilities submenu3
Give item / drop item1
Remove unit from queue2
Right click67
Select / deselect94
Select group hotkey39
Use ability20
313 total
» units
Wisp16
Archer4
Huntress3
23 total
» upgrades
Strength of the Moon1
1 total
» buildings
Moon Well4
Ancient of War1
Altar of Elders1
Hunter's Hall1
Tree of Life1
Ancient Protector6
Tree of Ages1
15 total
» build order
00:22 Moon Well
00:50 Ancient of War
01:00 Moon Well
01:27 Altar of Elders
02:04 Moon Well
02:29 Hunter's Hall
04:15 Moon Well
05:28 Tree of Life
05:50 Ancient Protector
05:52 Ancient Protector
05:58 Ancient Protector
06:00 Ancient Protector
06:05 Ancient Protector
06:58 Ancient Protector
07:54 Tree of Ages
OrcDharma (orange | 38 APM | 325 actions | 08:31)
Hero icon 1 Blademaster
Ability icon 1 Wind Walk

» actions
Basic commands35
Build / train19
ESC pressed5
Enter build submenu10
Enter hero's abilities submenu1
Right click134
Select / deselect94
Use ability27
325 total
» units
Peon10
Demolisher5
15 total
» upgrades
Ranged Weapons1
1 total
» buildings
Altar of Storms1
Orc Burrow4
Stronghold1
War Mill1
Barracks2
Voodoo Lounge1
10 total
» build order
01:05 Altar of Storms
01:14 Orc Burrow
02:22 Stronghold
02:24 War Mill
02:36 Barracks
02:41 Barracks
02:46 Orc Burrow
03:37 Orc Burrow
04:05 Voodoo Lounge
04:48 Orc Burrow
OrcMr__Plum (yellow | 29 APM | 254 actions | 08:46)
Hero icon 4 Blademaster
Ability icon 2 Wind Walk
Ability icon 2 Critical Strike

» actions
Basic commands12
Build / train28
Enter build submenu11
Enter hero's abilities submenu4
Right click85
Select / deselect101
Use ability13
254 total
» units
Peon7
Grunt12
19 total
» upgrades
Pillage1
Berserker Strength1
Melee Weapons1
3 total
» buildings
Altar of Storms1
Orc Burrow6
Barracks2
Stronghold1
War Mill1
11 total
» build order
00:18 Altar of Storms
00:24 Orc Burrow
00:40 Barracks
01:22 Orc Burrow
03:11 Orc Burrow
03:44 Barracks
03:52 Orc Burrow
05:27 Stronghold
06:33 Orc Burrow
06:38 War Mill
07:56 Orc Burrow
team 2
UndeadThugMaSteR (blue | 19 APM | 31 actions | 01:35)

» actions
Build / train2
Enter build submenu2
Right click8
Select / deselect13
Use ability6
31 total
» units
Acolyte2
2 total
» buildings
Crypt1
Graveyard1
2 total
» build order
00:10 Crypt
00:23 Graveyard
Random» NightElfBlade-own (purple | 13 APM | 29 actions | 02:12)

» actions
Build / train4
Enter build submenu1
Right click12
Select / deselect10
Use ability2
29 total
» units
Wisp4
4 total
» buildings
Altar of Elders1
1 total
» build order
01:05 Altar of Elders
OrcProtestKneeler (teal | 6 APM | 56 actions | 08:47)

» actions
Right click25
Select / deselect28
Use ability3
56 total
HumanGaland (red | 74 APM | 620 actions | 08:20)
Hero icon 1 Mountain King
Ability icon 1 Storm Bolt

» actions
Assign group hotkey10
Basic commands4
Build / train28
ESC pressed2
Enter build submenu11
Enter hero's abilities submenu1
Right click279
Select / deselect96
Select group hotkey84
Use ability105
620 total
» units
Peasant6
Rifleman9
15 total
» buildings
Altar of Kings1
Farm4
Blacksmith1
Barracks1
Arcane Vault1
Keep1
9 total
» build order
00:09 Altar of Kings
00:16 Farm
00:53 Blacksmith
01:26 Barracks
01:59 Farm
02:14 Arcane Vault
02:35 Farm
03:22 Farm
05:57 Keep
» items
Scroll of Regeneration4
Lesser Clarity Potion6
10 total

Chat log

(00:09 / All) h2oburyUsA: sorry thug
(00:17 / All) ThugMaSteR: .....
(00:23 / All) h2oburyUsA: ya
(00:31 / All) Dharma: TEAL ISNT PLAYING CAUSE HES A GAY BOY WITH NO LIFE
(00:42 / All) Dharma: TEAL HAS NEVER TOUCHED A VAGINA
(00:46 / All) Dharma: AHAHHAHAHHAHAHHAHAH
(01:09 / Allies) Blade-own: hi plan ?
(01:17 / All) ThugMaSteR: i unsummon
(01:21 / All) h2oburyUsA: yup
(01:22 / All) ThugMaSteR: go kill the tker
(01:22 / All) h2oburyUsA: thanks man
(01:29 / All) ThugMaSteR: hes afk atm
(01:38 / All) Dharma: DID THE FAG PUT HIS PEONS IN A LINE?
(01:41 / All) Blade-own: fucking hate it take for ever to get a fucking 4 vs 4 and that happen
(01:53 / All) Dharma: HOPEFULLY REMASTER HELP
(01:55 / All) Blade-own: o he did alright
(02:04 / All) Dharma: QUIT MAN
(02:05 / All) Blade-own: teal put them in line and taht all
(02:06 / All) Dharma: THIS IS SHIT GAME

(05:13 / All) ProtestKneeler: NO JUSTICE NO PEACE
(05:15 / All) ProtestKneeler: NO JUSTICE NO PEACE
(05:18 / All) Galand: stfu asshole
(05:23 / All) h2oburyUsA: lol so sad
(05:25 / All) Dharma: STUPID NIGGER LOVER
(05:28 / All) h2oburyUsA: this is an actual person
(05:30 / All) h2oburyUsA: think about that
(05:39 / All) h2oburyUsA: like some dude comes on this old ass game
(05:41 / All) Galand: guys pink i propose somthing
(05:43 / All) h2oburyUsA: and trolls
(05:47 / All) Dharma: I HOPE TRUMP MAKES ANOTHER HOLLICOST
(06:12 / Allies) Galand: i propose something guys

(07:37 / All) Galand: hahahahahha byeeeeeeeeeeee asssholeeeeeeeeeeeeee
(07:57 / All) ProtestKneeler: NO JUSTICE NO PEACE
(08:02 / All) Galand: stfu asshole
(08:07 / Allies) ProtestKneeler: NO JUSTICE NO PEACE
(08:20 / All) ProtestKneeler: NO JUSTICE NO PEACE
(08:21 / All) ProtestKneeler: NO JUSTICE NO PEACE
(08:25 / All) ProtestKneeler: NO JUSTICE NO PEACE
(08:31 / All) h2oburyUsA: i truly do
(08:39 / All) ProtestKneeler: NO JUSTICE NO PEACE
(08:41 / All) ProtestKneeler: NO JUSTICE NO PEACE